PCL
DISTRICT 9 PRAWNS @ MILE HIGH BRONCOS
08/29/2023
 
TOP OF THE 1ST
District 9 Prawns batting - Pitching for Mile High Broncos : RHP John Burris
Pitching: RHP John Burris
Batting: LHB Enrique Nalasco 0-0: Foul Ball, location: 2F
0-1: Ball
1-1: Ball
2-1: Called Strike
2-2: Ball
3-2: Foul Ball, location: 2F
3-2: Base on Balls
Batting: RHB Marcos Moreno 0-0: Called Strike
0-1: Ball
Enrique Nalasco steals 2nd base
1-1: Ball
2-1: Foul Ball, location: 2F
2-2: Foul Ball, location: 2F
2-2: Ball
3-2: Foul Ball, location: 2F
3-2: Foul Ball, location: 2F
3-2: Base on Balls
Batting: LHB Leland Hardy 0-0: Ball
1-0: Swinging Strike
1-1: Ball
2-1: Ball
3-1: Called Strike
3-2: Base on Balls
Enrique Nalasco to third
Marcos Moreno to second
Batting: LHB Ryan Hensley 0-0: Called Strike
0-1: GRAND SLAM HOME RUN (Flyball, 9LD), Distance : 448 ft
Batting: RHB Alfredo Cortéz 0-0: Ground out 1-3 (Groundball, 13)
Batting: RHB Lúcio García 0-0: Ball
1-0: Ground out 5-3 (Groundball, 56)
Batting: LHB Scott MacDonald 0-0: Ball
1-0: Foul Ball, location: 2F
1-1: Fly out, F7 (Popup, 7LS)
Top of the 1st over - 4 run(s), 1 hit(s), 0 error(s), 0 left on base; District 9 4 - Mile High 0
BOTTOM OF THE 1ST
Mile High Broncos batting - Pitching for District 9 Prawns : RHP Víctor Ventura
Pitching: RHP Víctor Ventura
Batting: RHB José Herrera 0-0: Ball
1-0: Called Strike
1-1: Fly out, F7 (Flyball, 78M)
Batting: RHB Phil White 0-0: Called Strike
0-1: Foul Ball, location: 2F
0-2: Ball
1-2: Foul Ball, location: 2F
1-2: Ball
2-2: Strikes out swinging
Batting: LHB Bill Houston 0-0: Ball
1-0: Swinging Strike
1-1: Called Strike
1-2: Strikes out swinging
Bottom of the 1st over - 0 run(s), 0 hit(s), 0 error(s), 0 left on base; District 9 4 - Mile High 0
TOP OF THE 2ND
District 9 Prawns batting - Pitching for Mile High Broncos : RHP John Burris
Batting: RHB Bill Beck 0-0: Foul Ball, location: 2F
0-1: Ball
1-1: Fly out, F9 (Flyball, 9LM)
Batting: RHB Manuel Cortéz 0-0: Ball
1-0: Ground out 6-3 (Groundball, 56)
Batting: LHB Enrique Nalasco 0-0: Ball
1-0: Called Strike
1-1: Ball
2-1: Ball
3-1: TRIPLE (Line Drive, 9LS)
Batting: RHB Marcos Moreno 0-0: Called Strike
0-1: Foul Ball, location: 2F
0-2: Ball
1-2: Ball
2-2: Ground out 4-3 (Groundball, 4)
Top of the 2nd over - 0 run(s), 1 hit(s), 0 error(s), 1 left on base; District 9 4 - Mile High 0
BOTTOM OF THE 2ND
Mile High Broncos batting - Pitching for District 9 Prawns : RHP Víctor Ventura
Batting: RHB António Martínez 0-0: Called Strike
0-1: Ball
1-1: Ball
2-1: Fly out, F9 (Flyball, 9M)
Batting: RHB Juan Jose Guevana 0-0: Ball
1-0: Foul Ball, location: 2F
1-1: Fly out, F2 (Popup, 2RF)
Batting: RHB Jesús Espinoza 0-0: Ball
1-0: Called Strike
1-1: Fly out, F8 (Flyball, 8LM)
Bottom of the 2nd over - 0 run(s), 0 hit(s), 0 error(s), 0 left on base; District 9 4 - Mile High 0
TOP OF THE 3RD
District 9 Prawns batting - Pitching for Mile High Broncos : RHP John Burris
Batting: LHB Leland Hardy 0-0: Ball
1-0: Foul Ball, location: 2F
1-1: Called Strike
1-2: Ball
2-2: Fly out, F8 (Line Drive, 8LM)
Batting: LHB Ryan Hensley 0-0: SOLO HOME RUN (Flyball, 89XD), Distance : 394 ft
Batting: RHB Alfredo Cortéz 0-0: Ball
1-0: DOUBLE (Groundball, 3L)
Batting: RHB Lúcio García 0-0: Ball
1-0: Ground out 5-3 (Groundball, 5)
Batting: LHB Scott MacDonald 0-0: Swinging Strike
0-1: Ball
1-1: Foul Ball, location: 2F
1-2: Strikes out swinging
Top of the 3rd over - 1 run(s), 2 hit(s), 0 error(s), 1 left on base; District 9 5 - Mile High 0
BOTTOM OF THE 3RD
Mile High Broncos batting - Pitching for District 9 Prawns : RHP Víctor Ventura
Batting: RHB Juan Gonzáles 0-0: Ball
1-0: Ball
2-0: Called Strike
2-1: Foul Ball, location: 2F
2-2: Strikes out looking
Batting: RHB Ximena Campos 0-0: Called Strike
0-1: Ball
1-1: Swinging Strike
1-2: Ball
2-2: Foul Ball, location: 2F
2-2: Strikes out looking
Batting: SHB Tom Stevens 0-0: Ball
1-0: Called Strike
1-1: Foul Ball, location: 2F
1-2: Fly out, F4 (Popup, 4M)
Bottom of the 3rd over - 0 run(s), 0 hit(s), 0 error(s), 0 left on base; District 9 5 - Mile High 0
TOP OF THE 4TH
District 9 Prawns batting - Pitching for Mile High Broncos : RHP John Burris
Batting: RHB Bill Beck 0-0: Ball
1-0: Foul Ball, location: 2F
1-1: Foul Ball, location: 2F
1-2: Ball
2-2: Ball
3-2: Ground out 6-3 (Groundball, 6M)
Batting: RHB Manuel Cortéz 0-0: Ball
1-0: Foul Ball, location: 2F
1-1: Fly out, F9 (Flyball, 89D)
Batting: LHB Enrique Nalasco 0-0: Fly out, F8 (Flyball, 78D)
Top of the 4th over - 0 run(s), 0 hit(s), 0 error(s), 0 left on base; District 9 5 - Mile High 0
BOTTOM OF THE 4TH
Mile High Broncos batting - Pitching for District 9 Prawns : RHP Víctor Ventura
Batting: RHB José Herrera 0-0: Hit by Pitch
Batting: RHB Phil White 0-0: Ball
1-0: Ball
2-0: Called Strike
José Herrera steals 2nd base
2-1: Foul Ball, location: 2F
2-2: Ground out 6-3 (Groundball, 6M)
José Herrera to third
Batting: LHB Bill Houston 0-0: Called Strike
0-1: Called Strike
0-2: Ball
1-2: Fly out, F5 (Popup, 5SF)
Batting: RHB António Martínez 0-0: Swinging Strike
0-1: Called Strike
0-2: Foul Ball, location: 2F
0-2: Fly out, F4 (Line Drive, 4)
Bottom of the 4th over - 0 run(s), 0 hit(s), 0 error(s), 1 left on base; District 9 5 - Mile High 0
TOP OF THE 5TH
District 9 Prawns batting - Pitching for Mile High Broncos : RHP John Burris
Batting: RHB Marcos Moreno 0-0: SINGLE (Popup, 8LS)
Batting: LHB Leland Hardy 0-0: Ball
1-0: Ball
2-0: Called Strike
2-1: Swinging Strike
2-2: Foul Ball, location: 2F
2-2: Ball
3-2: Strikes out swinging
Batting: LHB Ryan Hensley 0-0: Ball
1-0: Called Strike
1-1: Foul Ball, location: 2F
1-2: Ball
Marcos Moreno steals 2nd base
2-2: Fly out, F7 (Flyball, 78D)
Batting: RHB Alfredo Cortéz 0-0: Ball
1-0: Ball
2-0: Ball
3-0: Called Strike
3-1: Base on Balls
Batting: RHB Lúcio García 0-0: Ground out 6-3 (Groundball, 56)
Top of the 5th over - 0 run(s), 1 hit(s), 0 error(s), 2 left on base; District 9 5 - Mile High 0
BOTTOM OF THE 5TH
Mile High Broncos batting - Pitching for District 9 Prawns : RHP Víctor Ventura
Batting: RHB Juan Jose Guevana 0-0: Ball
1-0: Called Strike
1-1: Ball
2-1: Ball
3-1: Foul Ball, location: 2F
3-2: Base on Balls
Batting: RHB Jesús Espinoza 0-0: Called Strike
0-1: Ball
1-1: Swinging Strike
1-2: Grounds into double play, 3-6-1 (Groundball, 3)
Batting: RHB Juan Gonzáles 0-0: Ball
1-0: Foul Ball, location: 2F
1-1: DOUBLE (Flyball, 89XD)
Batting: RHB Ximena Campos 0-0: Ball
1-0: Swinging Strike
1-1: Ball
2-1: Ball
3-1: Foul Ball, location: 2F
3-2: SINGLE (Groundball, 15S) (infield hit)
Juan Gonzáles to third
Batting: SHB Tom Stevens 0-0: Called Strike
0-1: Ball
1-1: Ground out 1-3 (Groundball, 25)
Bottom of the 5th over - 0 run(s), 2 hit(s), 0 error(s), 2 left on base; District 9 5 - Mile High 0
TOP OF THE 6TH
District 9 Prawns batting - Pitching for Mile High Broncos : RHP John Burris
Batting: LHB Scott MacDonald 0-0: Swinging Strike
0-1: Ball
1-1: Called Strike
1-2: Strikes out swinging
Batting: RHB Bill Beck 0-0: SINGLE (Line Drive, 6MD)
Batting: RHB Manuel Cortéz 0-0: Ball
1-0: Ball
2-0: Ball
3-0: Called Strike
3-1: Ground out 5-3 (Groundball, 56S)
Bill Beck to second
Batting: LHB Enrique Nalasco 0-0: Called Strike
0-1: Ball
1-1: Ball
2-1: Foul Ball, location: 2F
2-2: Ball
3-2: Base on Balls
Pitching: RHP Thomas Young
Batting: RHB Marcos Moreno 0-0: Called Strike
0-1: Ball
1-1: Called Strike
1-2: Ball
2-2: Ball
3-2: Foul Ball, location: 2F
3-2: Fly out, F4 (Popup, 4M)
Top of the 6th over - 0 run(s), 1 hit(s), 0 error(s), 2 left on base; District 9 5 - Mile High 0
BOTTOM OF THE 6TH
Mile High Broncos batting - Pitching for District 9 Prawns : RHP Víctor Ventura
Batting: RHB José Herrera 0-0: Called Strike
0-1: Ball
1-1: Fly out, F7 (Popup, 78S)
Batting: RHB Phil White 0-0: Swinging Strike
0-1: Swinging Strike
0-2: Ball
1-2: Ball
2-2: Fly out, F8 (Line Drive, 8LM)
Batting: LHB Bill Houston 0-0: Called Strike
0-1: Foul Ball, location: 2F
0-2: SINGLE (Flyball, 9LS)
Batting: RHB António Martínez 0-0: Called Strike
0-1: Foul Ball, location: 2F
0-2: Ball
1-2: Ball
2-2: Ball
3-2: Fly out, F4 (Line Drive, 4)
Bottom of the 6th over - 0 run(s), 1 hit(s), 0 error(s), 1 left on base; District 9 5 - Mile High 0
TOP OF THE 7TH
District 9 Prawns batting - Pitching for Mile High Broncos : RHP Thomas Young
Batting: LHB Leland Hardy 0-0: Ball
1-0: DOUBLE (Flyball, 9LD)
Batting: LHB Ryan Hensley 0-0: Ball
1-0: Ball
2-0: Ball
3-0: Base on Balls
Batting: RHB Alfredo Cortéz 0-0: Fly out, F4 (Popup, 4)
Batting: RHB Lúcio García 0-0: Grounds into double play, 6-4-3 (Groundball, 6)
Top of the 7th over - 0 run(s), 1 hit(s), 0 error(s), 1 left on base; District 9 5 - Mile High 0
BOTTOM OF THE 7TH
Mile High Broncos batting - Pitching for District 9 Prawns : RHP Víctor Ventura
Batting: RHB Juan Jose Guevana 0-0: Ball
1-0: Swinging Strike
1-1: Ball
2-1: Foul Ball, location: 2F
2-2: Strikes out looking
Batting: RHB Jesús Espinoza 0-0: Fly out, F8 (Flyball, 8LM)
Batting: RHB Juan Gonzáles 0-0: Foul Ball, location: 2F
0-1: SINGLE (Groundball, 5D)
Batting: RHB Ximena Campos 0-0: Called Strike
0-1: Ball
1-1: Fly out, F8 (Flyball, 8RD)
Bottom of the 7th over - 0 run(s), 1 hit(s), 0 error(s), 1 left on base; District 9 5 - Mile High 0
TOP OF THE 8TH
District 9 Prawns batting - Pitching for Mile High Broncos : RHP Thomas Young
Batting: LHB Scott MacDonald 0-0: Foul Ball, location: 2F
0-1: Called Strike
0-2: Ball
1-2: Foul Ball, location: 2F
1-2: Strikes out swinging
Batting: RHB Bill Beck 0-0: Fly out, F8 (Flyball, 78S)
Batting: RHB Manuel Cortéz 0-0: Called Strike
0-1: Foul Ball, location: 2F
0-2: SINGLE (Line Drive, 8LS)
Batting: LHB Enrique Nalasco 0-0: Fly out, F8 (Line Drive, 8LM)
Top of the 8th over - 0 run(s), 1 hit(s), 0 error(s), 1 left on base; District 9 5 - Mile High 0
BOTTOM OF THE 8TH
Mile High Broncos batting - Pitching for District 9 Prawns : RHP Víctor Ventura
Pitching: RHP António García
Batting: SHB Tom Stevens 0-0: Swinging Strike
0-1: Foul Ball, location: 2F
0-2: Ball
1-2: Strikes out swinging
Batting: RHB José Herrera 0-0: Ground out 6-3 (Groundball, 6)
Batting: RHB Phil White 0-0: Called Strike
0-1: Fly out, F8 (Flyball, 8LD)
Bottom of the 8th over - 0 run(s), 0 hit(s), 0 error(s), 0 left on base; District 9 5 - Mile High 0
TOP OF THE 9TH
District 9 Prawns batting - Pitching for Mile High Broncos : RHP Thomas Young
Batting: RHB Marcos Moreno 0-0: Ball
1-0: Ball
2-0: Swinging Strike
2-1: Ball
3-1: Base on Balls
Batting: LHB Leland Hardy 0-0: Ball
1-0: Called Strike
1-1: Fly out, F9 (Flyball, 9LD)
Batting: LHB Ryan Hensley 0-0: Called Strike
0-1: Ball
1-1: Ball
2-1: Ball
3-1: Base on Balls
Marcos Moreno to second
Pitching: RHP Ramón Soto
Batting: RHB Alfredo Cortéz 0-0: Fielders Choice at 2nd, 5-4 (Groundball, 5)
Marcos Moreno to third
Batting: RHB Lúcio García 0-0: Swinging Strike
0-1: Ball
1-1: Swinging Strike
1-2: Ball
2-2: Strikes out swinging
Top of the 9th over - 0 run(s), 0 hit(s), 0 error(s), 2 left on base; District 9 5 - Mile High 0
BOTTOM OF THE 9TH
Mile High Broncos batting - Pitching for District 9 Prawns : RHP António García
Now at C: José Contreras
Now in CF: Brian Roy
Batting: LHB Bill Houston 0-0: Foul Ball, location: 2F
0-1: Ball
1-1: Swinging Strike
1-2: Ball
2-2: Foul Ball, location: 2F
2-2: Ball
3-2: Foul Ball, location: 2F
3-2: Base on Balls
Batting: RHB António Martínez 0-0: Ball
1-0: Ball
2-0: Foul Ball, location: 2F
2-1: Ball
3-1: Foul Ball, location: 2F
3-2: Strikes out swinging
Batting: RHB Juan Jose Guevana 0-0: Called Strike
0-1: Ball
1-1: Called Strike
1-2: Ball
2-2: Ball
3-2: Ground out 4-3 (Groundball, 4M)
Bill Houston to second
Batting: RHB Jesús Espinoza 0-0: Ball
1-0: SINGLE (Line Drive, 6D)
Bill Houston to third
Runner from 3rd tries for Home, SAFE, no throw or cutoff
Batting: RHB Juan Gonzáles 0-0: Ball
1-0: Foul Ball, location: 2F
1-1: Swinging Strike
1-2: Foul Ball, location: 2F
1-2: Ball
2-2: Strikes out swinging
Bottom of the 9th over - 1 run(s), 1 hit(s), 0 error(s), 1 left on base; District 9 5 - Mile High 1
This league is powered by Out of the Park Baseball, the baseball management simulation game for PC, Mac and Linux
Wednesday, December 2nd, 2015 - OOTP Baseball 16.8 Build 38